 Dungeon Crawl Stone Soup version 0.28-a0-1389-gc726bef33b (webtiles) character file.

Game seed: 1196062813060990961

114 rogsnak the Gusty (level 4, -5/30 HPs)
             Began as a Demonspawn Air Elementalist on Jan 3, 2022.
             Slain by a gnoll (8 damage)
             ... on level 3 of the Dungeon.
             The game lasted 00:05:02 (2720 turns).

rogsnak the Gusty (Demonspawn Air Elementalist)     Turns: 2720, Time: 00:05:03

Health: -5/30      AC:  5    Str:  9    XL:     4   Next: 67%
Magic:  5/8        EV: 12    Int: 18    God:
Gold:   142        SH:  0    Dex: 13    Spells: 0/8 levels left

rFire   . . .      SeeInvis .   k - +6 club
rCold   . . .      Faith    .   (no shield)
rNeg    . . .      Spirit   .   a - +0 robe
rPois   +          Reflect  .   o - +2 hat
rElec   .          Harm     .   (no cloak)
rCorr   .          Rampage  .   (no gloves)
Will    .....                   b - +0 pair of boots
Stlth   ++........              (no amulet)
HPRegen 0.10/turn               d - ring of poison resistance
MPRegen 0.11/turn               h - ring of wizardry

@: no status effects
A: spiny 1
a: no special abilities


You were on level 3 of the Dungeon.
You visited 1 branch of the dungeon, and saw 3 of its levels.

You collected 142 gold pieces.

Inventory:

Hand Weapons
 c - a +0 dagger
 j - a +0 hand axe
 k - a +6 club (weapon)
Missiles
 g - 7 poisoned darts
Armour
 a - a +0 robe (worn)
 b - a +0 pair of boots (worn)
 o - a +2 hat (worn)
Jewellery
 d - a ring of poison resistance (left hand)
 e - a ring of resist corrosion
 h - a ring of wizardry (right hand)
 i - a ring of fire
Wands
 m - a wand of paralysis (4)
Scrolls
 f - a scroll of blinking {unknown}
 n - 2 scrolls of identify {unknown}
 r - 4 scrolls of vulnerability {unknown}
Potions
 l - 2 potions of attraction {unknown}
 p - a potion of ambrosia {unknown}
 q - 2 potions of degeneration {unknown}
 s - 2 potions of heal wounds {unknown}


   Skills:
 + Level 1.9 Dodging
 - Level 1.7 Stealth
 + Level 2.8 Spellcasting
 * Level 2.9 Conjurations
 + Level 3.5 Air Magic


You couldn't memorise any spells.
You knew the following spells:

 Your Spells              Type           Power      Damage    Failure   Level
a - Shock                 Conj/Air       56%        1d6       1%          1
b - Swiftness             Air            15%        N/A       4%          3
c - Airstrike             Air            7%         N/A       16%         4

Your spell library contained the following spells:

 Spells                   Type           Power      Damage    Failure   Level
 Static Discharge         Conj/Air       14%        N/A       2%          2
 Beastly Appendage        Tmut           4%         N/A       7%          1
 Summon Small Mammal      Summ           8%         N/A       7%          1
 Passwall                 Tmut/Erth      1%         N/A       11%         2
 Wereblood                Tmut           2%         N/A       11%         2
 Call Canine Familiar     Summ           2%         N/A       21%         3
 Spider Form              Tmut/Pois      2%         N/A       21%         3
 Summon Guardian Golem    Hex/Summ       2%         N/A       21%         3


Dungeon Overview and Level Annotations

Branches:
Dungeon (3/15)

Altars:
Hepliaklqana
Okawaru

Shops:
D:1 (   D:2 [

Annotations:
D:3 1 transporter, thegreatkingdan's ghost, amateur GrFi


Innate Abilities, Weirdness & Mutations

You are partially covered in sharp spines.


Message History

Aim: a gnoll shaman, wielding a +0 club and wearing a +0 robe (wandering, hasn't noticed you, 75% to hit)
Okay, then.
Casting: Shock (safe; 1% risk of failure)
Confirm with . or Enter, or press ? or * to list all spells.
Aiming: Shock (safe; 1% risk of failure)
Press: ? - help, Shift-Dir - straight line The zap hits the gnoll shaman.
The gnoll shaman is lightly wounded.
The gnoll hits you from afar with a +0 halberd of electrocution.
Unknown command.
Casting: Shock (safe; 1% risk of failure)
Confirm with . or Enter, or press ? or * to list all spells.
Aiming: Shock (safe; 1% risk of failure)
Press: ? - help, Shift-Dir - straight line The zap hits the gnoll shaman but does no damage.
The gnoll shaman is lightly wounded.
The zap hits the gnoll shaman.
The gnoll shaman is moderately wounded.
The gnoll barely misses you. The gnoll shaman misses you.
Casting: Shock (safe; 1% risk of failure)
Confirm with . or Enter, or press ? or * to list all spells.
Aiming: Shock (safe; 1% risk of failure)
Press: ? - help, Shift-Dir - straight line The zap hits the gnoll but does no damage.
The zap hits the gnoll.
The gnoll is moderately wounded.
The gnoll closely misses you.
The gnoll hits you from afar with a +0 halberd of electrocution.
You are electrocuted!!
Ouch! That really hurt!
* * * LOW HITPOINT WARNING * * *
The gnoll shaman closely misses you.
Unknown command.
Casting: Shock (safe; 1% risk of failure)
Confirm with . or Enter, or press ? or * to list all spells.
You don't know that spell.
The gnoll shaman calls upon its god to heal the gnoll.
The gnoll's wounds heal themselves!
The gnoll hits you from afar with a +0 spear!
You die...

#.≈≈####.....####≈≈..#
#.≈≈#..#8###8#..#≈≈..##.
##.≈≈#8.###W###.8#≈≈.....
#..≈≈#...........#≈≈..###
#..≈≈###.##g##)###≈≈..#
#..≈≈..#.#$$$#.#..≈≈..##
#..≈≈.##.#.g.#.##.≈≈...##
#..≈≈.#..#=:$#g.#.≈≈.....
#..≈≈.##@#####.##.≈≈..##.
#..≈≈..#.#8⌠8#.#......###
#..≈≈.©#gg.©.'.#©........
#..≈≈..#.#P.P#.#.........
#..≈≈.##.##.##.##.≈≈..÷##
#..≈≈.#©.#..P#..#.≈≈..##
#..≈≈.##.'...'.##.≈≈..###
#..≈≈..#.#P.P#.#..≈≈.....
#..≈≈###.##'##.###≈≈.....


You could see a gnoll shaman and 4 gnolls.

Vanquished Creatures
  Jessica (D:2)
  3 adders
  2 worms (D:2)
  A dart slug (D:1)
  An orc (D:3)
  7 bats
  4 endoplasms
  2 giant cockroaches
  5 goblins
  4 hobgoblins
  2 kobolds
  4 quokkas
  6 ball pythons
  5 frilled lizards
  5 rats
52 creatures vanquished.

Vanquished Creatures (others)
  8 plants
8 creatures vanquished.

Grand Total: 60 creatures vanquished

Notes
Turn   | Place    | Note
-------+----------+-------------------------------------------
     0 | D:1      | rogsnak the Demonspawn Air Elementalist began the quest for
                  | the Orb.
     0 | D:1      | Reached XP level 1. HP: 13/13 MP: 3/3
   372 | D:1      | Reached skill level 3 in Air Magic
   413 | D:1      | Gained mutation: You are partially covered in sharp spines.
                  | [demonic ancestry]
   413 | D:1      | Reached XP level 2. HP: 19/19 MP: 0/5
   521 | D:1      | Found Ughoalic's Weapon Shoppe.
   754 | D:1      | Found a faded altar of an unknown god.
   986 | D:1      | Reached XP level 3. HP: 24/24 MP: 4/6
  1404 | D:2      | Noticed Jessica
  1407 | D:2      | Killed Jessica
  1478 | D:2      | Found Cait's Armour Boutique.
  1650 | D:2      | Reached XP level 4. HP: 30/30 MP: 2/7
  2277 | D:3      | Found a hazy altar of Hepliaklqana.
  2294 | D:3      | Found an iron altar of Okawaru.
  2448 | D:3      | Found a transporter.
  2503 | D:3      | Noticed thegreatkingdan's ghost (amateur GrFi)
  2567 | D:3      | Found a transporter.
  2575 | D:3      | Learned a level 3 spell: Swiftness
  2580 | D:3      | Learned a level 4 spell: Airstrike
  2720 | D:3      | Slain by a gnoll

Illustrated notes

Levels and vault maps discovered:
D:1:      matt_arrival_spirals, layout_basic, serial_shops, nicolae_shop_trees,
          chequers_ecumenical_altar_twisty, minmay_misc_feat_five
D:2:      minmay_chambers_of_twos, layout_basic, serial_forest,
          infiniplex_forest_corner_2, infiniplex_forest_zigzag_1,
          infiniplex_forest_corner_2, infiniplex_forest_lined_2,
          infiniplex_forest_lined_room_2, infiniplex_forest_clump_double,
          serial_shops, shop, minmay_hexomino_p4, uniq_jessica
D:3:      minmay_recursive_quarters, layout_rooms,
          mainiacjoe_overflow_concentric_impassable,
          mainiacjoe_overflow_catwalk_spiral, gammafunk_ghost_gnarly_gnolls

Skill      XL: |  1  2  3 |
---------------+----------+-----
Air Magic      | 3 |  3.5
Conjurations   | 2 |  2.9
Dodging        | |  1.9
Stealth        | |  1.7
Spellcasting   | |  2.8

Action                   |  1- 3 |  4- 6 || total
-------------------------+-------+-------++-------
Melee: Unarmed           |     8 |       ||     8
       Dagger            |     9 |       ||     9
       Club              |     1 |     5 ||     6
 Cast: Shock             |    61 |    36 ||    97
Armor: Robe              |     5 |       ||     5
Dodge: Dodged            |    10 |     7 ||    17

Table legend: (Time is in decaauts)
 A = Elapsed time spent in this place.
 B = Non-inter-level travel time spent in this place.
 C = Inter-level travel time spent in this place.
 D = Time resting spent in this place.
 E = Time spent auto-exploring this place.
 F = Levels seen in this place.
 G = Mean time per level.
                   A        B        C        D        E       F      G
               +--------+--------+--------+--------+--------+-----+--------+
         Total |   2726 |   2659 |     67 |    278 |   1800 |   3 |  908.7 |
       Dungeon |   2726 |   2659 |     67 |    278 |   1800 |   3 |  908.7 |
               +--------+--------+--------+--------+--------+-----+--------+

Top non-repeatable levels by time:
     D:1: 1213 daAuts
     D:2: 1061 daAuts
     D:3: 451 daAuts
